 Dungeon Crawl Stone Soup version 0.18.1-48-g4cf74bf (webtiles) character file.

15850 Gartch2 the Covert (level 12, -5/53 HPs)
             Began as a Spriggan Enchanter on July 25, 2016.
             Was an Elder of Vehumet.
             Engulfed by a cloud of flame (9 damage)
             ... in a volcano on July 26, 2016.
             The game lasted 03:23:27 (18774 turns).

Gartch2 the Covert (Spriggan Enchanter)            Turns: 18774, Time: 03:23:27

Health: -5/53      AC:  2    Str:  4    XL:     12   Next: 4%
Magic:  9/28       EV: 37    Int: 21    God:    Vehumet [****..]
Gold:   525        SH:  0    Dex: 22    Spells: 8 memorised, 11 levels left

rFire  + . .     SeeInvis +     G - +2 dagger (elec)
rCold  . . .     Gourm    .     F - +0 robe (curse)
rNeg   . . .     Faith    .     (shield restricted)
rPois  .         Spirit   .     (helmet restricted)
rElec  .         Dismiss  .     (no cloak)
rCorr  .         Reflect  .     (gloves unavailable)
SustAt .         Harm     .     (boots unavailable)
MR     ++...                    (no amulet)
Stlth  +++++++...               T - +3 ring of evasion
                                w - ring of protection from fire

@: agile, very quick, very resistant to hostile enchantments, extremely stealthy
A: unfitting armour, see invisible, herbivore 3, speed 3, slow metabolism 2
a: Renounce Religion


You were in a volcano.
You worshipped Vehumet.
Vehumet was greatly pleased with you.
You were very hungry.

You visited 3 branches of the dungeon, and saw 13 of its levels.
You also visited: Ossuary, Ice Cave and Volcano.

You collected 525 gold pieces.

Inventory:

Hand Weapons
 a - a +1 dagger
 G - a +2 dagger of electrocution (weapon)
Missiles
 e - 342 stones (quivered)
Armour
 F - a cursed +0 robe (worn)
Jewellery
 p - an uncursed ring of ice
 v - an uncursed ring of wizardry
 w - a ring of protection from fire (left hand)
 T - a +3 ring of evasion (right hand)
 V - a cursed amulet of inaccuracy {unknown}
Wands
 b - a wand of disintegration (10/24)
 t - a wand of acid (2/15)
 B - a wand of iceblast (8/15)
 I - a wand of heal wounds (9/9)
 L - a wand of acid (8/15)
 Q - a wand of flame (26/48)
Scrolls
 i - a scroll of amnesia
 r - a scroll of fear
 u - 3 scrolls of fog
 y - a scroll of immolation
 A - 2 scrolls of blinking
 C - 5 scrolls of remove curse
 E - 2 scrolls of teleportation
 H - 3 scrolls of enchant armour
 M - a scroll of enchant weapon
 R - a scroll of recharging
Potions
 g - 5 potions of lignification
 h - 2 potions of mutation
 j - 3 potions of brilliance
 k - a potion of invisibility {unknown}
 l - 2 potions of might
 m - 2 potions of flight
 n - 5 potions of agility
 o - 2 potions of ambrosia {unknown}
 s - 3 potions of heal wounds {unknown}
 x - 8 potions of curing
 D - a potion of resistance {unknown}
 K - 2 potions of cancellation {unknown}
 N - a potion of magic {unknown}
 Y - a potion of berserk rage
Books
 c - a book of Maledictions

   Spells                             Type                      Level
   a - Corona                         Hexes                        1
   b - Ensorcelled Hibernation        Hexes/Ice                    2
   c - Confuse                        Hexes                        3
   d - Tukima's Dance                 Hexes                        3
   e - Dazzling Spray                 Conjuration/Hexes            3
 S - a book of Enchantments

   Spells                             Type                      Level
   a - Cause Fear                     Hexes                        4
   b - Yara's Violent Unravelling     Hexes/Transmutation          5
   c - Silence                        Hexes/Air                    5
   d - Deflect Missiles               Charms/Air                   6
   e - Haste                          Charms                       6
   f - Discord                        Hexes                        8
 X - a book of Envenomations

   Spells                             Type                      Level
   a - Spider Form                    Transmutation/Poison         3
   b - Olgreb's Toxic Radiance        Poison                       4
   c - Alistair's Intoxication        Transmutation/Poison         5
   d - Poisonous Cloud                Conjuration/Poison/Air       6
Comestibles
 d - 9 bread rations
 f - a fruit
 q - 2 royal jellies


   Skills:
 + Level 1.4 Fighting
 - Level 8.0 Short Blades
 - Level 10.0 Dodging
 - Level 12.0 Stealth
 + Level 11.6 Spellcasting
 + Level 5.5 Conjurations
 + Level 10.9 Hexes
 - Level 1.0 Fire Magic
 + Level 3.6 Poison Magic


You had 11 spell levels left.
You knew the following spells:

 Your Spells              Type           Power        Failure   Level  Hunger
a - Sting                 Conj/Pois      ####         1%          1    None
b - Ensorcelled Hibernat  Hex/Ice        #####.       1%          2    None
c - Confuse               Hex            ######..     1%          3    None
d - Tukima's Dance        Hex            ######..     1%          3    None
e - Dazzling Spray        Conj/Hex       #####.       1%          3    None
f - Cause Fear            Hex            ######....   1%          4    #......
g - Throw Flame           Conj/Fire      ####..       1%          2    None
h - Venom Bolt            Conj/Pois      ####......   8%          5    ####...


Dungeon Overview and Level Annotations

Branches:
Dungeon (8/15)             Temple (1/1) D:5            Lair (4/8) D:8
 Shoals (0/4) Lair:3
  Snake: Lair:3-6    Spider: Lair:3-6

Altars:
Cheibriados
Dithmenos
Elyvilon
Fedhas
Gozag
Kikubaaqudgha
Makhleb
Nemelex Xobeh
Okawaru
Pakellas
Qazlal
Ru
Sif Muna
Trog
Vehumet
Xom
Yredelemnul
Zin
The Shining One

Shops:
D:4 [

Annotations:
D:3 high and left S dangerous!
D:6 TBriggs11TB's ghost, novice FoFi
D:8 Maurice; Situis's ghost, novice DsFi
Lair:1 bottom right S dangerous
Lair:3 Nergalle


Innate Abilities, Weirdness & Mutations

You are tiny and cannot use many weapons and most armour.
You have supernaturally acute eyesight.
You are a herbivore.
You cover ground extremely quickly.
You need consume almost no food.


Message History

Press: ? - help, v - describe, . - travel The floor.
There is a cloud of flame here.
Casting: Venom Bolt
Confirm with . or Enter, or press ? or * to list all spells.
Aiming: Confuse
Press: ? - help, Shift-Dir - straight line, f - ogre mage
Aim: an ogre mage, wielding a spear of flaming and wearing a robe of fire resistance (moderately wounded, chance to defeat MR: 24%)
The ogre mage resists with almost no effort.
Your surroundings suddenly seem different.
You start resting.
You start resting.
You are engulfed in roaring flames.
You resist.
* * * LOW HITPOINT WARNING * * *
Unknown command.
You are engulfed in roaring flames.
You resist.
* * * LOW HITPOINT WARNING * * *
Unknown command.
You are engulfed in roaring flames.
You resist.
You die...

§S§§≈§≈§§≈≈≈≈≈§§§≈§§§............
S§≈≈≈§§§≈§§≈≈≈§≈≈§§§§§§§.........
≈§§§§..≈≈.§§≈§§§§.§§§§.§........#
....§....§§§§§.§§§.§§§§.......###
.........§§.§..§§§§§§.§§....###
......§..§§§§§§§.§§.§§...####
............§§§§§§§§####..#
...##....#####§§.§### ####
..####..## ##§@## ### #### ####


There were no monsters in sight!

Vanquished Creatures
  A death yak (Lair:4)
  A hill giant (Volcano)
  A griffon (Lair:2)
  A cyclops (D:8)
  A torpor snail (Lair:4)
  3 black mambas
  4 spiny frogs
  2 komodo dragons (Lair:3)
  A spriggan (D:7)
  A wyvern (Lair:3)
  16 yaks
  A fire bat (Volcano)
  2 basilisks
  4 hippogriffs
  A hungry ghost (D:7)
  The ghost of JustSomeDude the Sneak, an amateur DsAs (D:4)
  Menkaure (D:4)
  7 water moccasins
  8 porcupines
  An ice beast (D:8)
  2 orc warriors (D:8)
  4 phantoms
  A sky beast (D:5)
  A necrophage (D:7)
  2 ogres
  9 wolves
  7 centaurs
  7 crocodiles
  5 giant frogs
  5 water moccasin zombies
  A wyvern skeleton (D:8)
  3 scorpions
  3 wights (D:6)
  2 howler monkeys
  An electric eel (Lair:1)
  A crimson imp (D:5)
  2 lava snakes (Volcano)
  A giant frog zombie (D:6)
  2 jellies
  6 orc priests
  4 hounds
  3 giant frog skeletons (D:5)
  Crazy Yiuf (D:5)
  10 orc wizards
  A centaur skeleton (D:5)
  8 iguanas
  4 worker ants
  A big kobold zombie (Ossuary)
  2 hound zombies
  A hound skeleton (D:7)
  2 mummies (Ossuary)
  A worker ant zombie (D:8)
  A gnoll (D:5)
  9 adders
  17 river rats (Lair:3)
  3 shadow imps
  12 white imps (Lair:3)
  An ooze (D:3)
  5 adder zombies (Ossuary)
  An adder skeleton (D:7)
  3 worms
  2 dart slugs
  A giant gecko (D:3)
  38 orcs
  8 giant cockroaches
  5 goblins
  4 hobgoblins
  8 jackals
  5 kobolds
  3 quokkas
  6 bats
  7 giant newts
  3 gnoll zombies (Ossuary)
  5 hobgoblin zombies (Ossuary)
  A jackal skeleton (D:7)
  3 kobold zombies (Ossuary)
  6 orc zombies (Ossuary)
  16 rats
334 creatures vanquished.

Vanquished Creatures (collateral kills)
  An ogre (D:5)
  An orc (D:8)
2 creatures vanquished.

Vanquished Creatures (others)
  3 dancing weapons
  A big kobold zombie (Ossuary)
  2 hobgoblin zombies (Ossuary)
  7 fungi
13 creatures vanquished.

Grand Total: 349 creatures vanquished

Notes
Turn   | Place    | Note
--------------------------------------------------------------
     0 | D:1      | Gartch2 the Spriggan Enchanter began the quest for the Orb.
     0 | D:1      | Reached XP level 1. HP: 9/9 MP: 5/5
   204 | D:1      | Reached XP level 2. HP: 13/13 MP: 5/7
   703 | D:2      | Reached XP level 3. HP: 16/16 MP: 10/10
   707 | D:2      | Learned a level 2 spell: Ensorcelled Hibernation
   711 | D:2      | Learned a level 3 spell: Confuse
   715 | D:2      | Learned a level 3 spell: Tukima's Dance
  1099 | D:2      | Reached skill level 5 in Spellcasting
  1287 | D:2      | Reached XP level 4. HP: 21/21 MP: 12/12
  1651 | D:2      | Learned a level 3 spell: Dazzling Spray
  2332 | D:3      | Reached XP level 5. HP: 24/24 MP: 9/14
  2499 | D:3      | Found an oddly glowing altar of Pakellas.
  2942 | D:4      | Noticed JustSomeDude's ghost (amateur DsAs)
  3261 | D:4      | Noticed Menkaure
  3347 | D:4      | Noticed a phantom
  3437 | D:4      | Found Harutoci's Armour Shoppe.
  3528 | D:4      | Reached XP level 6. HP: 27/28 MP: 12/17
  4470 | D:5      | Entered Level 5 of the Dungeon
  4501 | D:5      | Reached XP level 7. HP: 32/32 MP: 8/20
  4602 | D:5      | Found a staircase to the Ecumenical Temple.
  5206 | D:5      | Reached skill level 5 in Stealth
  5455 | Temple   | Entered the Ecumenical Temple
  5536 | Temple   | Became a worshipper of Vehumet
  5786 | D:5      | Reached skill level 6 in Stealth
  5786 | D:5      | Reached skill level 5 in Hexes
  6087 | D:5      | Found an iron altar of Okawaru.
  6088 | D:5      | Found a bloodstained altar of Trog.
  6204 | D:5      | Found a glowing golden altar of the Shining One.
  6236 | D:5      | Reached XP level 8. HP: 26/36 MP: 20/22
  6403 | D:5      | Noticed Crazy Yiuf
  6409 | D:5      | Killed Crazy Yiuf
  6409 | D:5      | Reached skill level 7 in Stealth
  6972 | D:6      | Noticed TBriggs11TB's ghost (novice FoFi)
  6991 | D:6      | Found a sand-covered staircase.
  6998 | Ossuary  | Entered an ossuary
  7098 | Ossuary  | Reached * piety under Vehumet
  7098 | Ossuary  | Offered knowledge of Sting by Vehumet.
  7493 | Ossuary  | Reached skill level 8 in Stealth
  7729 | Ossuary  | Reached skill level 5 in Short Blades
  8270 | D:6      | Learned a level 1 spell: Sting
  8291 | D:6      | Reached skill level 1 in Conjurations
  8608 | D:6      | Reached skill level 9 in Stealth
  8691 | D:4      | Reached XP level 9. HP: 39/39 MP: 14/23
  8942 | D:4      | Killed JustSomeDude's ghost
  9184 | D:4      | Killed Menkaure
  9827 | D:7      | Offered knowledge of Shock by Vehumet.
  9836 | D:7      | Reached ** piety under Vehumet
 10021 | D:7      | Learned a level 4 spell: Cause Fear
 10169 | D:7      | Found a sacrificial altar of Ru.
 10183 | D:7      | Reached skill level 5 in Dodging
 10183 | D:7      | Reached skill level 10 in Stealth
 10748 | D:7      | Found a burning altar of Makhleb.
 10983 | D:8      | Noticed Situis's ghost (novice DsFi)
 11015 | D:8      | Found a sparkling altar of Nemelex Xobeh.
 11018 | D:8      | Found a burning altar of Makhleb.
 11576 | D:8      | Offered knowledge of Throw Flame by Vehumet.
 11576 | D:8      | Reached XP level 10. HP: 44/44 MP: 24/24
 11580 | D:8      | Learned a level 2 spell: Throw Flame
 11592 | D:8      | Found a basalt altar of Yredelemnul.
 11658 | D:8      | Noticed a cyclops
 11680 | D:8      | Killed a cyclops
 11786 | D:8      | Found a staircase to the Lair.
 11915 | D:8      | Noticed Maurice
 12035 | D:8      | Found a shimmering altar of Xom.
 12105 | D:8      | Reached *** piety under Vehumet
 12249 | Lair:1   | Entered Level 1 of the Lair of Beasts
 12373 | Lair:1   | Reached skill level 1 in Fire Magic
 12412 | Lair:1   | Noticed a spiny frog
 12655 | Lair:1   | Reached skill level 11 in Stealth
 12924 | Lair:1   | Reached skill level 10 in Spellcasting
 13634 | Lair:1   | Offered knowledge of Force Lance by Vehumet.
 13652 | Lair:2   | Noticed a griffon
 13784 | Lair:2   | Reached XP level 11. HP: 47/47 MP: 26/26
 14211 | Lair:2   | Killed a griffon
 14623 | Lair:2   | Reached skill level 12 in Stealth
 14855 | Lair:3   | Reached skill level 10 in Hexes
 14867 | Lair:3   | Found a frozen archway.
 14991 | Lair:3   | Reached **** piety under Vehumet
 15126 | IceCv    | Entered an ice cave
 15130 | IceCv    | Offered knowledge of Venom Bolt by Vehumet.
 15442 | Lair:3   | Noticed Nergalle
 15478 | Lair:3   | Reached skill level 5 in Conjurations
 15503 | Lair:3   | Learned a level 5 spell: Venom Bolt
 15723 | Lair:3   | Reached skill level 1 in Poison Magic
 16225 | Lair:3   | Reached skill level 10 in Dodging
 17293 | Lair:4   | Noticed a death yak
 17294 | Lair:4   | Found a dark tunnel.
 17392 | Lair:4   | Killed a death yak
 17392 | Lair:4   | Reached skill level 1 in Fighting
 17562 | Volcano  | Entered a volcano
 18226 | Volcano  | Reached XP level 12. HP: 53/53 MP: 25/28
 18699 | Volcano  | Found a radiant altar of Vehumet.
 18699 | Volcano  | Noticed an ogre mage
 18774 | Volcano  | Engulfed by a cloud of flame

Skill      XL: |  1  2  3  4  5  6  7  8  9 10 11 |
---------------+----------------------------------+-----
Spellcasting   | 3 4 5 6 7 9 10 11 | 11.6
Hexes          | 5 7 8 9 10 | 10.9
Stealth        | 6 9 10 11 12 | 12.0
Short Blades   | 3 5 6 7 8 |  8.0
Conjurations   | 1 3 4 5 |  5.5
Dodging        | 5 8 10 | 10.0
Fire Magic     | 1 |  1.0
Poison Magic   | 3 |  3.6
Fighting       | 1 |  1.4

Action                   |  1- 3 |  4- 6 |  7- 9 | 10-12 || total
-------------------------+-------+-------+-------+-------++-------
Melee: Dagger            |   137 |   111 |   337 |   281 ||   866
Throw: Stone             |       |    27 |    12 |       ||    39
 Cast: Ensorcelled Hiber |     5 |    37 |    32 |    41 ||   115
       Corona            |     2 |     1 |       |       ||     3
       Confuse           |       |     6 |    61 |    61 ||   128
       Dazzling Spray    |       |     2 |     7 |    13 ||    22
       Tukima's Dance    |       |       |     7 |     5 ||    12
       Sting             |       |       |    28 |    16 ||    44
       Venom Bolt        |       |       |       |    11 ||    11
       Throw Flame       |       |       |       |     2 ||     2
  Use: Scroll            |     5 |     4 |    12 |     5 ||    26
       Potion            |       |       |       |     1 ||     1
 Stab: Sleeping          |    15 |    37 |    55 |    62 ||   169
       Confused          |       |     2 |    30 |    35 ||    67
       Invisible         |       |     1 |       |     1 ||     2
       Distracted        |       |       |       |     2 ||     2
  Eat: Fruit             |       |       |     7 |     2 ||     9
       Bread ration      |       |       |       |     1 ||     1
Armor: Robe              |    14 |    12 |     7 |     4 ||    37
Dodge: Dodged            |    90 |    67 |   101 |   117 ||   375
